 Dungeon Crawl Stone Soup version 0.19.0-11-g3fc08b3 (webtiles) character file.

50 MDvedh the Digger (level 3, -5/19 HPs)
             Began as a Deep Elf Earth Elementalist on Nov 8, 2016.
             Slain by a goblin
             ... wielding a +0 dagger
             ... led by Robin
              (9 damage)
             ... on level 1 of the Dungeon.
             The game lasted 00:03:01 (1585 turns).

MDvedh the Digger (Deep Elf Earth Elementalist)     Turns: 1585, Time: 00:03:02

Health: -5/19      AC:  9    Str:  5    XL:     3   Next: 55%
Magic:  4/10       EV: 13    Int: 20    God:
Gold:   94         SH:  0    Dex: 15    Spells: 2 memorised, 6 levels left

rFire  . . .     SeeInvis .     a - +2 long sword (protect)
rCold  . . .     Gourm    .     c - +0 robe
rNeg   . . .     Faith    .     (no shield)
rPois  .         Spirit   .     (no helmet)
rElec  .         Reflect  .     (no cloak)
rCorr  .         Harm     .     (no gloves)
MR     .....                    (no boots)
Stlth  ++........               (no amulet)
                                (no ring)
                                (no ring)

@: protection aura, very slightly contaminated
A: no striking features
a: no special abilities


You were on level 1 of the Dungeon.
You were not hungry.

You visited 1 branch of the dungeon, and saw 2 of its levels.

You collected 94 gold pieces.

Inventory:

Hand Weapons
 a - a +2 long sword of protection (weapon)
Missiles
 b - 56 stones (quivered)
 l - 24 arrows
Armour
 c - a +0 robe (worn)
Scrolls
 f - a scroll of teleportation {unknown}
 g - a scroll of immolation {unknown}
 h - a scroll of remove curse {unknown}
 k - a scroll of identify {unknown}
 m - 2 scrolls of enchant armour {unknown}
 n - a scroll of amnesia {unknown}
Potions
 i - a potion of mutation {unknown}
 j - a potion of heal wounds {unknown}
Books
 e - a book of Geomancy

   Spells                             Type                      Level
   a - Sandblast                      Earth                        1
   b - Passwall                       Transmutation/Earth          2
   c - Stone Arrow                    Conjuration/Earth            3
   d - Petrify                        Transmutation/Earth          4
   e - Lee's Rapid Deconstruction     Earth                        5
Comestibles
 d - 3 bread rations


   Skills:
 - Level 2.4 Dodging
 - Level 2.4 Stealth
 - Level 4.0 Spellcasting
   Level 1.1 Transmutations
 + Level 4.4 Earth Magic


You had 6 spell levels left.
You knew the following spells:

 Your Spells              Type           Power        Failure   Level  Hunger
a - Sandblast             Erth           ###...       1%          1    None
f - Stone Arrow           Conj/Erth      ##....       17%         3    ###....


Dungeon Overview and Level Annotations

Branches:
Dungeon (2/15)

Altars:

Annotations:
D:2 Robin


Message History

You kill the goblin!
The goblin misses you. The goblin closely misses you.
Casting: Sandblast
Confirm with . or Enter, or press ? or * to list all spells.
Aiming: Stone Arrow
Press: ? - help, Shift-Dir - straight line, f - goblin
Aim: a goblin (unusually strong)
You miscast Stone Arrow.
You are very lightly contaminated with residual magic.
Your hair stands on end.
The goblin misses you. The goblin hits you but does no damage.
Casting: Stone Arrow
Confirm with . or Enter, or press ? or * to list all spells.
Aiming: Stone Arrow
Press: ? - help, Shift-Dir - straight line, f/p - goblin
Aim: a goblin (unusually strong)
The stone arrow hits the goblin.
You kill the goblin!
The goblin hits you with a dagger!
You die...

#.##.##..# ##...##
#.##.##..# #.....#
#.##.##..# ##....#
#........# ####...###
####.##.####.........
#.##..............
#.#######.........
#)## ###....### #@g#
##.....##
###)######.......##
#......##.........#
#.......'.........'
#....#.##.........#
#.#.##.###.......##
#...##.# ##.....##
#..###.# ##...## #..#
#.# ##'##


You could see a goblin.

Vanquished Creatures
  A gnoll (D:1)
  An adder (D:2)
  An ooze (D:1)
  2 dart slugs (D:1)
  2 giant cockroaches
  5 goblins
  3 hobgoblins (D:1)
  A ball python (D:2)
  3 bats
  3 frilled lizards (D:1)
  A kobold (D:1)
  4 rats (D:1)
27 creatures vanquished.

Notes
Turn   | Place    | Note
-------+----------+-------------------------------------------
     0 | D:1      | MDvedh the Deep Elf Earth Elementalist began the quest for the Orb.
     0 | D:1      | Reached XP level 1. HP: 10/10 MP: 6/6
   610 | D:1      | Reached XP level 2. HP: 14/15 MP: 8/8
  1139 | D:1      | Reached XP level 3. HP: 19/19 MP: 6/10
  1564 | D:2      | Learned a level 3 spell: Stone Arrow
  1571 | D:2      | Noticed Robin
  1585 | D:1      | Slain by a goblin

Skill      XL: |  1  2  3 |
---------------+----------+-----
Earth Magic    | 4 |  4.4
Spellcasting   | 4 |  4.0
Dodging        | |  2.4
Stealth        | |  2.4
Transmutations | |  1.1

Action                   || total
-------------------------++-------
Melee: Club              ||    34
       Flail             ||    29
       Long sword        ||     1
 Cast: Sandblast         ||    39
       Stone Arrow       ||     1
 Stab: Sleeping          ||     5
       Distracted        ||     1
  Eat: Meat ration       ||     1
Armor: Robe              ||    22
Dodge: Dodged            ||    77
       Rpst.: Long sword ||     1
